 Dungeon Crawl Stone Soup version 0.27-a0-732-ga892ba84f6 (webtiles) character file.

Game seed: 5592354181770494045

169 lunkers the Magician (level 5, 0/39 HPs)
             Began as a Djinni Earth Elementalist on Mar 24, 2021.
             Slain by CurlyBrace's ghost (6 damage)
             ... on level 3 of the Dungeon.
             The game lasted 00:04:05 (3723 turns).

lunkers the Magician (Djinni Earth Elementalist)    Turns: 3723, Time: 00:04:05

Health: 0/39       AC:  2    Str:  7    XL:     5   Next: 50%
Magic:  0/0        EV: 12    Int: 18    God:
Gold:   128        SH:  0    Dex: 13    Spells: 0/12 levels left

rFire    + + .     SeeInvis .   a - +1 whip (elec)
rCold    x . .     Faith    .   (no shield)
rNeg     . . .     Spirit   .   c - +0 robe
rPois    ∞         Reflect  .   (no helmet)
rElec    .         Harm     .   (no cloak)
rCorr    .         Rampage  .   (no gloves)
Will     .....                  (boots unavailable)
Stlth    ++........             (no amulet)
HPRegen  0.13/turn              p - ring of wizardry
MPRegen  0.00/turn              (no ring)

@: flying
A: fire resistance 2, cold vulnerability 1, float, innate caster, hp casting,
extra vitality 1
a: no special abilities


You were on level 3 of the Dungeon.
You visited 1 branch of the dungeon, and saw 3 of its levels.

You collected 128 gold pieces.

Inventory:

Hand Weapons
 a - a +1 whip of electrocution (weapon)
Missiles
 b - 37 stones
Armour
 c - a +0 robe (worn)
Jewellery
 p - a ring of wizardry (right hand)
Scrolls
 f - 2 scrolls of teleportation {unknown}
 g - 4 scrolls of identify {unknown}
 i - 2 scrolls of silence {unknown}
 j - a scroll of blinking {unknown}
 k - a scroll of enchant armour {unknown}
 l - a scroll of vulnerability {unknown}
Potions
 d - a potion of brilliance {unknown}
 e - 2 potions of curing {unknown}
 h - a potion of magic {unknown}
 m - 2 potions of degeneration {unknown}
 n - 3 potions of heal wounds {unknown}
 o - a potion of invisibility {unknown}


   Skills:
 + Level 2.6 Fighting
 - Level 2.1 Dodging
 - Level 1.5 Stealth
 * Level 4.4 Spellcasting


You couldn't memorise any spells.
You knew the following spells:

 Your Spells              Type           Power      Damage    Failure   Level
a - Sandblast             Erth           40%        2d10      1%          1
b - Passwall              Tmut/Erth      16%        N/A       1%          2
c - Stone Arrow           Conj/Erth      40%        3d9       2%          3
d - Petrify               Tmut/Erth      20%        N/A       9%          4
e - Lee's Rapid Deconstr  Erth           10%        3d9*      24%         5
f - Pain                  Necr           80%        1d8       1%          1
g - Ensorcelled Hibernat  Hex/Ice        40%        N/A       1%          2
Your spell library was empty.

Dungeon Overview and Level Annotations

Branches:
Dungeon (3/15)

Altars:
Sif Muna
The Shining One

Shops:
D:3 ?

Annotations:
D:3 1 runed translucent door, CurlyBrace's ghost, weakling FeAr


Innate Abilities, Weirdness & Mutations

You are immune to poison.
Your flesh is very heat resistant. (rF++)
You are vulnerable to cold. (rC-)
You float through the air rather than walking.
You learn spells naturally, not from books.
Your magical power is your life essence.
You have superior vitality. (+4 HP)


Message History

Casting: Sandblast (safe; 1% risk of failure)
Confirm with . or Enter, or press ? or * to list all spells.
Aiming: Sandblast (safe; 1% risk of failure)
Press: ? - help, Shift-Dir - straight line, f - quokka
Aim: a quokka (27% to evade)
The blast of sand hits the quokka!
You kill the quokka!
Casting: Sandblast (safe; 1% risk of failure)
Confirm with . or Enter, or press ? or * to list all spells.
Aiming: Sandblast (safe; 1% risk of failure)
Press: ? - help, Shift-Dir - straight line, f - river rat
Aim: a river rat (22% to evade)
The blast of sand hits the river rat.
The river rat is heavily wounded.
The river rat bites you!
* * * LOW HITPOINT WARNING * * *
Unknown command.
Casting: Sandblast (safe; 1% risk of failure)
Confirm with . or Enter, or press ? or * to list all spells.
Aiming: Sandblast (safe; 1% risk of failure)
Press: ? - help, Shift-Dir - straight line, f/p - river rat
Aim: a river rat (heavily wounded, 22% to evade)
The blast of sand hits the river rat but does no damage.
The river rat is heavily wounded.
* * * LOW HITPOINT WARNING * * *
The river rat bites you.
* * * LOW HITPOINT WARNING * * *
Casting: Sandblast (safe; 1% risk of failure)
Confirm with . or Enter, or press ? or * to list all spells.
Aiming: Sandblast (safe; 1% risk of failure)
Press: ? - help, Shift-Dir - straight line, f/p - river rat
Aim: a river rat (heavily wounded, 22% to evade)
The blast of sand hits the river rat but does no damage.
The river rat is heavily wounded.
* * * LOW HITPOINT WARNING * * *
The river rat bites you.
* * * LOW HITPOINT WARNING * * *
CurlyBrace's ghost screams, "Don't try to defend!
You have no chance!"
CurlyBrace's ghost hits you.
You die...

##.###...################..##..#
.....+......................).>#
....##....................##...#
###.####........###.##.........#
# #..# #............<#.#.##.#.##
###..#########.##......#..#.#.#
#............#†############.#.#
#............#.#≈≈≈≈≈≈≈≈W#..#.#
#..............'@r≈≈=≈≈≈r+..#.#
#####'#........#≈W≈≈≈≈≈≈S#.##.#
# #..........###########....# #
##..........†.....# ###### ##
#....###....)....# .#####....#
##.###....# ..........# #.# ...#
.........## #.# ..# .........#
#.# .#


You could see CurlyBrace's ghost and a river rat.

Vanquished Creatures
  An orc wizard (D:2)
  A worker ant (D:3)
  4 adders
  A shadow imp (D:3)
  A worm (D:2)
  9 orcs
  14 bats
  5 goblins
  5 hobgoblins
  5 oozes
  5 quokkas
  5 ball pythons
  2 frilled lizards (D:1)
  5 kobolds
  4 rats
67 creatures vanquished.

Vanquished Creatures (others)
  A plant (D:2)
1 creature vanquished.

Grand Total: 68 creatures vanquished

Notes
Turn   | Place    | Note
-------+----------+-------------------------------------------
     0 | D:1      | lunkers the Djinni Earth Elementalist began the quest for
                  | the Orb.
     0 | D:1      | Reached XP level 1. HP: 15/15 MP: 0/0
   248 | D:1      | Reached skill level 3 in Spellcasting
   248 | D:1      | Reached XP level 2. HP: 19/22 MP: 0/0
   758 | D:1      | Reached skill level 1 in Fighting
  1017 | D:1      | Reached XP level 3. HP: 25/27 MP: 0/0
  1017 | D:1      | Learned a level 1 spell: Pain
  1158 | D:2      | Found a glowing golden altar of the Shining One.
  1974 | D:2      | Reached XP level 4. HP: 23/33 MP: 0/0
  2706 | D:3      | Reached skill level 4 in Spellcasting
  2712 | D:3      | Found a runed translucent door.
  2728 | D:3      | Found a runed translucent door.
  2729 | D:3      | Noticed CurlyBrace's ghost (weakling FeAr)
  3201 | D:3      | Reached XP level 5. HP: 33/39 MP: 0/0
  3201 | D:3      | Learned a level 2 spell: Ensorcelled Hibernation
  3538 | D:3      | Found Poih's Magic Scroll Shop.
  3723 | D:3      | Slain by CurlyBrace's ghost

Illustrated notes

Levels and vault maps discovered:
D:1:      scummos_arrival_simple_fountains, layout_rooms
D:2:      cheibrodos_old_hovel, layout_basic, nicolae_overflow_hidden_temple,
          serial_bayou_crossing
D:3:      layout_basic, ebering_ghost_sewer_f, serial_shops,
          nicolae_shop_competitors_out_of_business, feat_on_display

Skill      XL: |  1  2  3  4 |
---------------+-------------+-----
Spellcasting   | 3 4 |  4.4
Fighting       | 1 2 |  2.6
Dodging        | |  2.1
Stealth        | |  1.5

Action                   |  1- 3 |  4- 6 || total
-------------------------+-------+-------++-------
Melee: Whip              |    44 |    64 ||   108
 Cast: Sandblast         |    31 |    17 ||    48
 Stab: Sleeping          |     1 |     1 ||     2
Armor: Robe              |    12 |    13 ||    25
Dodge: Dodged            |    44 |    53 ||    97

Table legend: (Time is in decaauts)
 A = Elapsed time spent in this place.
 B = Non-inter-level travel time spent in this place.
 C = Inter-level travel time spent in this place.
 D = Time resting spent in this place.
 E = Time spent auto-exploring this place.
 F = Levels seen in this place.
 G = Mean time per level.
                   A        B        C        D        E       F      G
               +--------+--------+--------+--------+--------+-----+--------+
         Total |   3732 |   3648 |     84 |    557 |   2689 |   3 | 1244.0 |
       Dungeon |   3732 |   3648 |     84 |    557 |   2689 |   3 | 1244.0 |
               +--------+--------+--------+--------+--------+-----+--------+

Top non-repeatable levels by time:
     D:2: 1519 daAuts
     D:1: 1109 daAuts
     D:3: 1102 daAuts
